AoeStats
← Ouki-San

Arena

505904028Analyzed
4v4 RM · 22d ago on Sep 11, 2026· 44m 3s· 8 players
Game mode
Random Map
Map size
Large (8 player)
Population
200
Speed
Normal
Resources
Standard
Victory
Conquest
Starting age
Dark Age
Ending age
Imperial Age
RankedLock teamsTeams togetherTeam positionsShared explorationLock speedFull tech treeHidden civsTurbo modeCheats
Victory
Defeat
🇫🇷 Cumans · France
1259
+13
🇫🇷 Persians · France
1232
+14
🇩🇪 Portuguese · Germany
1168
+16
🇵🇱 Aztecs · Poland
1144
+17
🇲🇴 Portuguese · Macao SAR China
1254
-18
🇨🇳 Mongols · China
1182
-15
🇨🇳 Saracens · China
1159
-14
🇻🇳 Teutons · Vietnam
1130
-13
ok go
9:21 Feudal Age
14:01 Castle Age
12:35 Horse Collar
12:40 Double-Bit Axe
13:27 Stone Mining
15:29 Bow Saw
23:08 Wheelbarrow
23:05 Gold Mining
24:14 Hand Cart
24:53 Loom
28:34 Imperial Age
26:16 Fletching
26:27 Padded Archer Armor
27:05 Gold Shaft Mining
26:32 Heavy Plow
27:33 Stone Shaft Mining
27:26 Bodkin Arrow
28:14 Leather Archer Armor
28:11 Bloodlines
28:39 Husbandry
28:53 Thumb Ring
29:29 Bracer
30:30 Chemistry
29:55 Ballistics
30:01 Parthian Tactics
30:38 Conscription
31:29 Coinage
32:44 Elite Mangudai
34:39 Hoardings
34:15 Masonry
36:34 Banking
36:36 Fortified Wall
dongquangthang
8:50 Feudal Age
7:31 Loom
10:15 Double-Bit Axe
10:24 Fletching
17:24 Man-at-Arms
24:43 Castle Age
25:49 Bow Saw
25:37 Long Swordsman
26:03 Gambesons
27:21 Wheelbarrow
28:54 Hand Cart
30:37 Town Watch
35:15 Scale Barding Armor
36:07 Bloodlines
36:40 Gold Mining
36:41 Stone Mining
36:32 Horse Collar
37:22 Forging
40:03 Imperial Age
37:47 Bodkin Arrow
38:59 Iron Casting
38:25 Scale Mail Armor
38:41 Fortified Wall
38:56 Padded Archer Armor
40:25 Chain Barding Armor
40:33 Leather Archer Armor
40:43 Ballistics
40:34 Masonry
41:11 Conscription
40:24 Cavalier
42:25 Chemistry
43:22 Blast Furnace
43:22 Plate Barding Armor
基本不亏
10:15 Feudal Age
15:40 Castle Age
14:42 Double-Bit Axe
14:59 Horse Collar
17:35 Bow Saw
18:01 Heavy Plow
20:02 Stone Mining
23:44 Loom
24:37 Wheelbarrow
24:15 Gold Mining
26:10 Hand Cart
30:20 Imperial Age
29:09 Scale Barding Armor
29:06 Scale Mail Armor
29:44 Forging
30:52 Chain Barding Armor
31:07 Iron Casting
31:29 Gold Shaft Mining
32:01 Two-Man Saw
31:49 Conscription
31:38 Elite Mameluke
32:30 Bimaristan
danielchanlam
10:05 Feudal Age
14:03 Castle Age
12:55 Double-Bit Axe
13:15 Loom
13:48 Horse Collar
28:35 Heavy Plow
33:25 Imperial Age
32:09 Bloodlines
31:59 Husbandry
31:20 Light Cavalry
32:33 Scale Mail Armor
32:54 Pikeman
33:52 Elite Skirmisher
35:22 Forging
36:37 Halberdier
38:33 Chain Mail Armor
38:53 Iron Casting
39:26 Thumb Ring
39:40 Gambesons
41:54 Chemistry
41:14 Ballistics
Ouki-San
10:11 Feudal Age
14:18 Castle Age
12:57 Double-Bit Axe
13:02 Horse Collar
16:58 Bow Saw
20:43 Heavy Plow
21:40 Loom
22:31 Wheelbarrow
21:42 Town Watch
22:37 Scale Barding Armor
22:38 Husbandry
22:35 Gold Mining
23:24 Stone Mining
24:06 Bloodlines
25:41 Chain Barding Armor
29:54 Imperial Age
28:08 Forging
27:49 Fletching
29:08 Gold Shaft Mining
29:08 Stone Shaft Mining
28:53 Hand Cart
30:21 Iron Casting
29:56 Cavalier
31:14 Plate Barding Armor
32:48 Savar
36:14 Conscription
38:25 Light Cavalry
38:55 Hussar
xeniltildor
11:23 Feudal Age
11:45 Feudal Age
16:24 Castle Age
14:21 Gold Mining
14:17 Horse Collar
18:08 Heavy Plow
17:57 Double-Bit Axe
19:06 Padded Archer Armor
18:57 Fletching
25:21 Loom
29:16 Imperial Age
27:52 Leather Archer Armor
27:33 Bodkin Arrow
28:51 Pikeman
29:18 Arson
35:25 Conscription
36:32 Gold Mining
36:32 Stone Mining
36:36 Gold Mining
38:29 Elite Organ Gun
Sahraoui
8:59 Feudal Age
10:03 Double-Bit Axe
9:59 Horse Collar
15:58 Man-at-Arms
18:10 Scale Mail Armor
19:27 Gold Mining
19:24 Loom
26:35 Castle Age
25:29 Forging
25:29 Scale Barding Armor
26:50 Bloodlines
26:57 Capped Ram
27:56 Bow Saw
27:43 Pikeman
29:31 Light Cavalry
32:34 Iron Casting
32:19 Chain Barding Armor
40:10 Imperial Age
41:40 Siege Ram
41:43 Halberdier
42:23 Squires
42:09 Arson
43:02 Wheelbarrow
43:31 Blast Furnace
42:46 Chain Mail Armor
42:52 Chain Barding Armor
41:57 Hussar
43:00 Cavalier
mnich_bor
3:07 Loom
12:10 Feudal Age
18:02 Castle Age
30:33 Horse Collar
35:35 Crossbowman
38:37 Fletching
38:48 Padded Archer Armor
41:23 Heavy Plow
41:53 Gold Mining
41:48 Double-Bit Axe
43:12 Forging
43:03 Scale Mail Armor
43:15 Pikeman
43:56 Squires
43:41 Arson
44:32 Chain Mail Armor
44:53 Iron Casting
Connection lost

Rejoining the realm…

Still unreachable

The connection could not be restored.

Session expired

The server has moved on; the page needs a fresh start.